Map: Rhoskallian LE

Players

qqq - Winner!

  • Race: Protoss Protoss
  • Spawn Location: 6:00

Massa - Winner!

  • Race: Terran Terran
  • League: Platinum
  • Spawn Location: 5:00

Raisolution

  • Race: Zerg Zerg
  • Spawn Location: 12:00

Ghostdog

  • Race: Protoss Protoss
  • Spawn Location: 11:00

VOD

Have the link to the VOD?

Description

Time

  • Played on: Nov. 7, 2020, 7:51 a.m.
  • Length: 13:20
Show
View Real Time Build Order
Export as new Build Order

qqq Protoss - Winner!

Build Orders: Carriers 

Get SALT Encoding   

  12  0:01  Probe  
  13  0:13  Probe  
  14  0:29  Pylon  
  14  0:30  Probe  
  15  0:47  Probe  
  15  0:49  Forge  
  16  0:59  Probe  
  17  1:11  Pylon x2  
  17  1:14  Pylon  
  17  1:32  Photon Cannon  
  17  1:46  Photon Cannon  
  17  1:53  Pylon  
  17  2:06  Pylon  
  17  2:14  Photon Cannon  
  17  2:33  Gateway  
  17  3:09  Probe, Gateway  
  18  3:19  Pylon  
  18  3:20  Zealot  
  18  3:21  Nexus  
  20  3:36  Photon Cannon  
  20  3:44  Probe  
  20  3:45  Cybernetics Core  
  21  3:56  Probe  
  22  4:08  Probe (Chrono Boost)  
  23  4:10  Assimilator  
  23  4:14  Assimilator  
  23  4:19  Probe (Chrono Boost)  
  24  4:24  Probe (Chrono Boost), Shield Battery  
  24  4:27  Pylon  
  25  4:34  Probe  
  26  4:47  Probe  
  25  4:59  Probe (Chrono Boost)  
  26  5:10  Probe (Chrono Boost)  
  26  5:11  Probe (Chrono Boost), Assimilator  
  28  5:16  Assimilator  
  28  5:19  Probe x2 (Chrono Boost)  
  28  5:20  Pylon  
  29  5:24  Probe (Chrono Boost)  
  29  5:25  Probe, Stargate  
  31  5:35  Probe  
  31  5:38  Probe (Chrono Boost)  
  31  5:39  Photon Cannon  
  33  5:48  Probe (Chrono Boost)  
  35  5:50  Probe (Chrono Boost)  
  35  5:54  Stargate  
  35  5:55  Pylon  
  36  5:57  Probe (Chrono Boost)  
  36  5:58  Probe (Chrono Boost)  
  36  6:02  Probe (Chrono Boost)  
  36  6:03  Probe  
  39  6:12  Shield Battery  
  39  6:14  Probe  
  39  6:18  Photon Cannon  
  40  6:22  Pylon  
  40  6:26  Probe  
  40  6:30  Phoenix (Chrono Boost)  
  43  6:35  Pylon  
  43  6:38  Phoenix (Chrono Boost)  
  43  6:39  Probe x2  
  47  6:51  Probe x2  
  47  6:53  Phoenix (Chrono Boost)  
  49  6:58  Protoss Air Weapons Level 1 (Chrono Boost)  
  49  7:00  Phoenix (Chrono Boost)  
  53  7:04  Probe  
  54  7:10  Phoenix  
  56  7:20  Fleet Beacon  
  56  7:21  Phoenix  
  58  7:42  Phoenix  
  60  7:45  Phoenix  
  60  7:50  Nexus  
  62  8:16  Pylon  
  62  8:18  Pylon  
  62  8:21  Pylon  
  62  8:23  Pylon  
  62  8:25  Pylon  
  62  8:28  Pylon  
  62  8:31  Pylon  
  62  8:33  Carrier  
  68  8:42  Nexus  
  62  9:09  Carrier  
  68  9:15  Probe  
  69  9:27  Probe  
  69  9:29  Photon Cannon  
  69  9:30  Shield Battery  
  70  9:32  Photon Cannon  
  70  9:37  Carrier  
  76  9:38  Photon Cannon  
  76  9:40  Probe  
  76  9:41  Photon Cannon  
  77  9:52  Probe, Photon Cannon  
  78  9:54  Shield Battery  
  78  10:01  Photon Cannon  
  78  10:05  Probe, Photon Cannon  
  79  10:13  Carrier  
  85  10:17  Probe  
  85  10:20  Probe  
  87  10:25  Protoss Air Armor Level 1  
  87  10:29  Probe  
  87  10:32  Probe  
  89  10:41  Probe  
  89  10:42  Carrier  
  96  10:44  Probe  
  97  10:51  Robotics Facility  
  97  10:53  Probe, Assimilator  
  97  10:56  Probe  
  99  10:57  Assimilator  
  99  10:58  Assimilator  
  99  11:03  Assimilator  
  99  11:05  Probe  
  99  11:08  Probe  
  101  11:17  Probe, Stargate  
  101  11:20  Probe, Photon Cannon  
  101  11:21  Photon Cannon  
  102  11:26  Shield Battery  
  102  11:30  Probe  
  103  11:33  Probe  
  103  11:39  Carrier  
  110  11:42  Probe  
  110  11:45  Probe  
  112  11:54  Probe  
  113  11:57  Probe  
  113  12:00  Carrier  
  120  12:06  Probe  
  121  12:09  Probe  
  116  12:37  Probe x2  
  130  12:49  Probe x2  
Show
View Real Time Build Order
Export as new Build Order

Massa Terran - Winner!

Build Orders:  

Get SALT Encoding   

  12  0:01  SCV  
  13  0:13  SCV  
  14  0:23  Supply Depot  
  14  0:25  SCV  
  15  0:30  Refinery  
  15  0:44  SCV  
  15  0:46  Barracks  
  16  0:56  SCV  
  17  1:08  SCV  
  18  1:21  SCV  
  19  1:33  SCV, Reaper  
  21  1:45  Orbital Command  
  21  1:57  Command Center  
  21  2:05  Reaper  
  22  2:23  SCV  
  23  2:37  Factory  
  23  2:41  Supply Depot  
  23  3:03  SCV  
  23  3:04  Supply Depot  
  24  3:24  Bunker  
  24  3:30  Factory Tech Lab  
  24  3:32  Barracks Reactor  
  24  3:34  Orbital Command  
  24  3:35  SCV  
  24  3:36  Command Center  
  25  3:47  SCV  
  26  3:51  Starport  
  26  3:59  SCV  
  26  4:00  Refinery, SCV  
  28  4:04  Refinery  
  28  4:05  Engineering Bay  
  28  4:07  Siege Tank  
  28  4:08  Marine  
  28  4:09  Marine  
  33  4:11  SCV  
  33  4:12  SCV  
  35  4:23  SCV  
  36  4:26  Marine x2  
  38  4:44  Marine x2  
  40  4:49  Siege Tank  
  40  4:51  Orbital Command  
  43  4:53  SCV x2  
  45  5:02  Marine  
  45  5:13  Missile Turret  
  45  5:16  Missile Turret  
  45  5:17  SCV x2  
  45  5:18  SCV  
  45  5:20  Liberator  
  51  5:24  Siege Tank  
  51  5:25  Marine x2  
  56  5:29  SCV  
  56  5:30  SCV x2, Barracks  
  56  5:34  Barracks  
  59  5:41  SCV, Missile Turret  
  60  5:43  Marine x2  
  60  5:46  Terran Infantry Weapons Level 1  
  62  6:00  Marine  
  62  6:01  Marine  
  61  6:13  Medivac  
  61  6:15  SCV x3  
  66  6:21  Refinery, Barracks Tech Lab  
  66  6:22  Barracks Tech Lab  
  66  6:27  SCV x2  
  68  6:38  Supply Depot  
  68  6:43  Sensor Tower  
  68  6:46  Missile Turret  
  68  7:08  Orbital Command  
  65  7:12  Sensor Tower  
  65  7:15  SCV  
  66  7:16  SCV  
  66  7:21  Marauder  
  69  7:25  Supply Depot  
  69  7:26  Supply Depot  
  69  7:29  Supply Depot x2  
  69  7:31  Missile Turret  
  69  7:47  SCV, Marauder, Marine x2, Siege Tank  
  69  7:48  SCV x2, Marauder  
  81  7:59  SCV  
  81  8:00  SCV x2, Stimpack, Combat Shield  
  84  8:09  Marauder  
  84  8:10  Barracks  
  84  8:11  SCV  
  84  8:12  SCV x2  
  89  8:13  Barracks  
  89  8:19  Siege Tank  
  92  8:23  SCV  
  92  8:24  SCV x2  
  95  8:29  Starport Reactor  
  95  8:32  Terran Infantry Armor Level 1  
  95  8:35  SCV  
  95  8:36  SCV x2  
  95  8:37  Armory  
  95  8:39  Engineering Bay  
  98  8:42  Armory  
  98  8:46  Missile Turret  
  98  8:51  Siege Tank  
  101  8:56  Missile Turret  
  101  9:01  Sensor Tower x2  
  101  9:05  Command Center  
  101  9:12  Barracks Reactor, Barracks Tech Lab  
  101  9:17  Missile Turret  
  101  9:25  Supply Depot x2  
  101  9:27  Supply Depot x2  
  101  9:29  Supply Depot  
  101  9:33  Concussive Shells  
  101  9:35  Smart Servos  
  101  9:38  Missile Turret  
  101  9:47  SCV x3, Marauder x2, Marine x2, Medivac x2  
  101  9:48  Supply Depot  
  101  9:49  Supply Depot  
  101  9:50  Supply Depot x2  
  114  9:53  Supply Depot  
  114  9:56  Factory  
  114  9:59  SCV  
  115  10:01  Missile Turret  
  115  10:03  Refinery  
  115  10:04  Refinery, Marine  
  115  10:06  Terran Vehicle And Ship Armor Level 1, Terran Vehicle Weapons Level 1  
  116  10:08  Marauder x2  
  116  10:11  Supply Depot  
  116  10:12  Supply Depot, Siege Tank  
  123  10:17  Medivac x2  
  127  10:24  Refinery  
  127  10:26  SCV x3  
  130  10:30  Marauder  
  130  10:31  Refinery  
  132  10:38  SCV x3  
  135  10:46  Marauder x2  
  135  10:47  Marine x4  
  143  10:50  SCV x2  
  143  10:51  Marauder  
  147  11:00  Planetary Fortress  
  147  11:04  Marine  
  147  11:05  Marine x3  
  147  11:08  Marauder x2  
  155  11:13  Marauder  
  155  11:18  Ghost Academy  
  157  11:19  Command Center, Medivac x2  
  157  11:22  Marine  
  157  11:23  Marine x2  
  164  11:28  Factory Tech Lab  
  164  11:29  Marauder x2  
  168  11:34  Marauder  
  169  11:49  Medivac  
  169  11:50  Marauder  
  169  11:51  Marauder  
  174  12:08  Siege Tank x2  
  173  12:40  Siege Tank x2  
  173  12:42  Marauder x2  
  173  12:43  Marauder, Marine x2  
  173  12:44  Marine x2  
  189  13:01  Marine  
Show
View Real Time Build Order
Export as new Build Order

Raisolution Zerg 

Build Orders: Hatch First, Swarm Host, Ravager All-In 

Get SALT Encoding   

  12  0:00  Drone  
  13  0:13  Overlord  
  13  0:18  Drone  
  14  0:31  Drone  
  14  0:32  Drone  
  16  0:53  Hatchery  
  16  0:55  Drone  
  16  0:58  Drone  
  17  1:06  Drone  
  18  1:17  Spawning Pool  
  18  1:25  Overlord  
  18  1:26  Extractor  
  18  1:27  Drone  
  18  1:51  Drone  
  19  2:04  Zergling x6  
  19  2:06  Queen  
  24  2:09  Spine Crawler  
  23  2:15  Drone  
  23  2:16  Roach Warren  
  23  2:26  Drone  
  24  2:39  Metabolic Boost  
  24  2:41  Extractor  
  23  2:53  Drone x2  
  25  3:05  Zergling x2  
  26  3:11  Drone  
  26  3:22  Hatchery  
  26  3:24  Overlord  
  25  3:39  Spore Crawler  
  24  3:42  Roach x2  
  24  3:47  Roach x3  
  34  4:00  Overlord  
  34  4:14  Overlord  
  34  4:16  Queen  
  36  4:22  Drone x4  
  40  4:27  Ravager x2  
  40  4:28  Ravager x3  
  45  4:52  Drone x3  
  48  4:53  Drone x4  
  52  5:03  Drone  
  52  5:04  Drone  
  54  5:22  Hatchery  
  53  5:32  Drone x2  
  53  5:33  Drone x4  
  59  5:44  Lair  
  59  5:56  Overlord x2  
  56  6:10  Drone x4  
  60  6:26  Drone  
  60  6:27  Drone x5  
  66  6:37  Spore Crawler  
  65  6:44  Hatchery  
  64  6:53  Glial Reconstitution  
  64  6:56  Extractor  
  64  6:57  Extractor  
  64  7:00  Evolution Chamber  
  61  7:03  Baneling Nest  
  61  7:04  Drone x3  
  63  7:16  Drone x9  
  72  7:30  Zerg Missile Weapons Level 1  
  72  7:37  Spore Crawler  
  71  7:45  Spore Crawler x2  
  71  7:47  Spore Crawler  
  68  7:57  Spore Crawler  
  67  8:00  Queen  
  67  8:01  Spore Crawler  
  67  8:02  Drone x4  
  67  8:05  Spore Crawler  
  69  8:12  Centrifical Hooks  
  67  8:14  Hydralisk Den  
  67  8:17  Evolution Chamber  
  67  8:18  Drone  
  66  8:21  Drone x2  
  68  8:28  Drone  
  68  8:29  Drone x3, Overlord x4  
  68  8:31  Infestation Pit  
  71  8:38  Drone  
  71  8:40  Overlord x2  
  71  8:41  Overlord  
  68  8:51  Drone x7  
  75  9:01  Drone  
  75  9:02  Drone x5  
  81  9:09  Hive  
  81  9:12  Zerg Melee Weapons Level 1  
  81  9:25  Extractor  
  81  9:26  Extractor  
  81  9:27  Hatchery  
  78  9:34  Queen  
  80  9:42  Drone x7  
  80  9:43  Drone x3  
  90  9:50  Overseer  
  90  9:51  Pneumatized Carapace  
  90  9:52  Zerg Missile Weapons Level 2  
  90  9:55  Muscular Augments  
  90  10:05  Spore Crawler  
  90  10:06  Spore Crawler  
  88  10:09  Drone x6  
  88  10:10  Queen  
  88  10:11  Overlord  
  96  10:22  Lurker Den  
  96  10:24  Overlord x2  
  96  10:25  Overlord x2  
  94  10:45  Hydralisk x8, Spore Crawler  
  109  10:58  Drone  
  109  10:59  Drone x11  
  121  11:06  Grooved Spines  
  121  11:18  Hatchery  
  120  11:23  Extractor, Overseer x3  
  120  11:24  Extractor  
  118  11:29  Swarm Host x6  
  118  11:30  Swarm Host x4  
  148  11:34  Overlord x2  
  137  11:57  Zergling x2  
  137  11:58  Zergling x30  
  150  12:12  Hydralisk x11  
  147  12:32  Zergling x12  
  147  12:33  Zergling x10  
  156  12:43  Overlord x5  
  147  12:53  Spore Crawler  
  147  12:54  Spore Crawler  
Show
View Real Time Build Order
Export as new Build Order

Ghostdog Protoss 

Build Orders:  

Get SALT Encoding   

  12  0:00  Probe  
  13  0:13  Probe  
  14  0:22  Pylon  
  14  0:25  Probe  
  15  0:40  Probe  
  15  0:42  Gateway  
  16  0:52  Probe  
  16  0:54  Assimilator  
  17  1:04  Probe  
  18  1:15  Assimilator  
  18  1:17  Probe  
  19  1:36  Pylon  
  19  1:45  Probe  
  20  1:51  Zealot  
  22  1:57  Gateway  
  22  1:58  Cybernetics Core  
  22  2:02  Probe  
  23  2:14  Probe  
  23  2:40  Shield Battery  
  23  2:42  Pylon  
  23  2:46  Stalker (Chrono Boost)  
  22  3:02  Gateway  
  22  3:13  Stalker  
  24  3:22  Shield Battery  
  24  3:29  Robotics Facility  
  24  3:35  Warp Gate  
  24  3:37  Gateway  
  24  3:41  Probe  
  25  3:43  Stalker  
  27  3:53  Probe  
  28  4:06  Probe  
  28  4:09  Stalker  
  31  4:23  Pylon  
  31  4:25  Pylon  
  31  4:41  Probe  
  32  4:53  Probe  
  33  5:05  Probe, Immortal (Chrono Boost)  
  38  5:18  Probe  
  39  5:27  Nexus  
  39  5:30  Probe  
  40  5:36  Observer (Chrono Boost)  
  40  5:39  Stalker  
  40  5:42  Probe  
  44  5:54  Probe  
  45  6:06  Probe  
  45  6:09  Pylon  
  46  6:12  Pylon  
  47  6:18  Probe  
  47  6:31  Probe (Chrono Boost)  
  48  6:36  Pylon  
  48  6:39  Forge  
  48  6:40  Probe (Chrono Boost)  
  48  6:43  Probe (Chrono Boost)  
  48  6:46  Forge  
  50  6:49  Probe (Chrono Boost)  
  50  6:50  Probe (Chrono Boost)  
  50  6:51  Stalker x2  
  56  6:54  Probe (Chrono Boost)  
  56  7:13  Assimilator  
  56  7:17  Assimilator  
  56  7:18  Stargate  
  56  7:19  Stargate  
  56  7:20  Probe x2, Pylon  
  58  7:32  Probe x2  
  60  7:44  Probe, Photon Cannon  
  60  7:45  Photon Cannon  
  61  7:55  Photon Cannon  
  61  7:59  Stalker x3  
  67  8:21  Photon Cannon  
  67  8:23  Stalker x3  
  73  8:30  Probe  
  73  8:31  Probe  
  75  8:42  Probe  
  75  8:43  Probe  
  77  9:03  Pylon  
  77  9:09  Nexus  
  77  9:11  Probe x2  
  79  9:20  Stalker x3  
  79  9:23  Probe x2  
  87  9:29  Fleet Beacon  
  87  9:35  Probe x2  
  89  9:47  Probe x2  
  89  9:49  Photon Cannon  
  89  9:51  Photon Cannon  
  91  9:55  Photon Cannon  
  91  9:59  Assimilator  
  91  10:02  Stalker x2  
  91  10:04  Assimilator  
  95  10:13  Cybernetics Core  
  95  10:15  Pylon  
  95  10:20  Probe x2  
  98  10:21  Probe  
  98  10:22  Pylon  
  98  10:32  Probe x2  
  98  10:33  Probe  
  101  10:44  Twilight Council  
  101  10:49  Protoss Shields Level 1 (Chrono Boost)  
  101  10:50  Protoss Ground Weapons Level 1 (Chrono Boost)  
  101  10:54  Protoss Air Weapons Level 1  
  101  10:55  Protoss Air Armor Level 1  
  101  11:02  Probe x3  
  101  11:03  Pylon  
  104  11:13  Pylon  
  104  11:14  Probe x3  
  104  11:17  Blink (Chrono Boost)  
  107  11:23  Carrier  
  113  11:26  Probe  
  113  11:27  Carrier  
  120  11:39  Stalker x3  
  120  12:10  Stalker x3  
  91  12:38  Stalker x2  
  91  12:39  Stalker  
  91  12:54  Gateway  
  91  12:55  Gateway  
  103  12:58  Gateway  
Tags
 
Add a new tag
Caveats
  • Supply blocks, unpowered buildings, or Contaminate may cause inaccurate times.
  • Supply counts are checked every 10 seconds.